 Dungeon Crawl Stone Soup version 0.30.0-20-g3615ddf2f0 (webtiles) character file.

Game seed: 14178383679729998407

120784 qw the Severer (level 16, -5/104 HPs)
             Began as a Gargoyle Fighter on May 31, 2023.
             Was an Elder of Okawaru.
             Slain by a radroach (8 damage)
             ... on level 1 of the Spider Nest.
             The game lasted 00:14:45 (26994 turns).

qw the Severer (Gargoyle Fighter)                  Turns: 26994, Time: 00:14:46

Health: -5/104     AC: 49    Str: 33    XL:     16   Next: 83%
Magic:  23/23      EV: 10    Int: 10    God:    Okawaru [****..]
Gold:   2032       SH: 20    Dex:  7    Spells: 15/15 levels left

rFire   . . .        k - +2 broad axe (heavy)
rCold   . . .        l - +2 kite shield
rNeg    + . .        s - +8 plate armour {ponderous}
rPois   inf          q - +0 helmet
rElec   +            g - +2 cloak
rCorr   .            v - +2 pair of gloves
SInv    .            b - +0 pair of boots
Will    +....        m - amulet of reflection Stlth
                     f - +6 ring of strength
HPRegen 0.37/turn    c - ring of protection from cold
MPRegen 0.18/turn

%: reflection
@: about to teleport, heroic, flying, very slightly contaminated, slow
A: sickness immunity, AC +12, big wings, negative energy resistance 1,
electricity resistance, torment resistance 1, petrification resistance, clumsy
1, wild magic 1, cold vulnerability 1
a: Renounce Religion, Heroism, Finesse


You were on level 1 of the Spider Nest.
You worshipped Okawaru.
Okawaru was greatly pleased with you.
You visited 4 branches of the dungeon, and saw 23 of its levels.

You collected 2508 gold pieces.
You spent 476 gold pieces at shops.


Innate Abilities, Weirdness & Mutations

You are immune to sickness and miasma.
Your stone body is resilient. (AC +12)
You are immune to poison.
Your large and strong wings let you fly.
You resist negative energy. (rN+)
You are resistant to electric shocks. (rElec)
You are resistant to unholy torment.
You are immune to petrification.
You are clumsy. (Dex -2)
Your spells are a little harder to cast, but a little more powerful.
You are vulnerable to cold. (rC-)


   Skills:
 - Level 13.0(18.0) Fighting
 - Level 18.0(23.0) Axes
 - Level 6.0(11.0) Throwing
 - Level 13.0(18.0) Armour
 - Level 2.1(7.1) Dodging
 + Level 13.0(18.0) Shields
 - Level 10.0 Invocations


You had 15 spell levels left.
You didn't know any spells.
Your spell library was empty.

Inventory:

Hand Weapons
 k - a +2 heavy broad axe (weapon)
 u - a +0 demon whip of venom
 F - a +2 war axe of holy wrath
Missiles
 x - 3 javelins (quivered)
 E - 4 boomerangs
 G - a boomerang of dispersal
 H - a silver boomerang
Armour
 b - a +0 pair of boots (worn)
 g - a +2 cloak (worn)
 l - a +2 kite shield (worn)
 q - a +0 helmet (worn)
 s - a +8 plate armour of ponderousness (worn)
 v - a +2 pair of gloves (worn)
 B - the +3 scale mail "Cothrub" {rPois rF+ rCorr Int-4}
   (You found it on level 13 of the Dungeon)

   Int:       It affects your intelligence (-4).
   rF:        It protects you from fire.
   rPois:     It protects you from poison.
   rCorr:     It protects you from acid and corrosion.
 C - +0 ice dragon scales
Jewellery
 c - a ring of protection from cold (right hand)
 f - a +6 ring of strength (left hand)
 h - a ring of fire
 m - an amulet of reflection (around neck)
 y - the ring "Odeb" {rElec rCorr MP+9 Int-3}
   (You found it on level 13 of the Dungeon)

   [ring of magical power]

   Int:       It affects your intelligence (-3).
   rElec:     It insulates you from electricity.
   MP:        It affects your magic capacity (+9).
   rCorr:     It protects you from acid and corrosion.
 z - a ring of resist corrosion
Wands
 A - a wand of digging (8)
Scrolls
 o - 10 scrolls of identify
 w - 3 scrolls of teleportation
Potions
 a - 3 potions of magic
 d - 8 potions of might
 e - 4 potions of lignification
 i - a potion of resistance
 j - 5 potions of heal wounds
 n - 2 potions of attraction
 p - 3 potions of mutation
 r - a potion of cancellation
 t - 8 potions of curing
 D - a potion of haste

Dungeon Overview and Level Annotations

Branches:
Dungeon (15/15)            Temple (0/1) D:6            Lair (5/5) D:11
  Swamp (0/4) Lair:3       Spider (1/4) Lair:3        Slime (0/5) Lair:4
    Orc (2/2) D:12            Elf (0/3) Orc:2        Vaults (0/5) D:13
 Depths (0/4) D:15

Altars:
Ashenzari
Cheibriados
Dithmenos
Elyvilon
Fedhas
Kikubaaqudgha
Makhleb
Nemelex Xobeh
Okawaru
Qazlal
Ru
Sif Muna
Uskayaw
Vehumet
Wu Jian
Xom
Yredelemnul
Zin
Jiyva

Shops:
D:11 :   D:12 (   Orc:2 ?:!(

Portals:
Pandemonium: Orc:2

Annotations:
D:9 1 runed translucent door, qw's ghost, novice GrCA
Lair:4 1 runed translucent door


Message History

You block the sun moth's attack.
You miss the sun moth.
The sun moth is heavily wounded.
You hit the radroach but do no damage. You block the radroach's attack.
The radroach claws you. You block the sun moth's attack.
The radroach bites you but does no damage.
The radroach claws you but does no damage.
You block the sun moth's attack.
You closely miss the sun moth.
The sun moth is heavily wounded.
You slash the radroach! You block the sun moth's attack.
The radroach bites you but does no damage.
The radroach claws you but does no damage.
You slice the sun moth like a ripe choko!!!
You kill the sun moth!
Okawaru accepts your kill.
You slice the radroach!! The radroach completely misses you.
You block the radroach's attack.
You open the radroach like a pillowcase!!!
You kill the radroach!
Okawaru accepts your kill.
You slice the radroach!! The radroach bites you!
The radroach barely misses you.
Your base Axes skill increases to level 18!
You hit the radroach.
The radroach is moderately wounded.
The radroach barely misses you. The radroach closely misses you.
You hit the radroach but do no damage.
The radroach is moderately wounded.
The radroach erupts in a fountain of uncontrolled magic!
You are blasted with magical radiation!!!
Ouch! That really hurt!
You are very lightly contaminated with residual magic.
26994 ||| READING 4 scrolls of teleportation.
As you read the scroll of teleportation, it crumbles to dust.
You feel strangely unstable. The radroach bites you!
You die...

B. ... #.# ..####
...#####...... ..#.......... #
#(.......... . #..........
##.......... ###### #.%B..# #
#.##.##########@.##.###
###..#..................
##..###.................
...........####....#.##.
........##.# #.##.### ..# ..#
....##..##.####.##.# ..##..#
.##.##.....#..#....####......#
.##..........................#
................##..........##


You could see a radroach.

Vanquished Creatures
  Jorgrun (Orc:2)
  A broodmother (Spider:1)
  Azrael (Spider:1)
  Snorg (D:11)
  2 rakshasas (D:15)
  4 hydras
  3 demonspawn (Orc:2)
  2 vault guards (D:13)
  5 boulder beetles
  2 ogre magi
  2 ice dragons (D:15)
  4 two-headed ogres
  A death knight (D:14)
  2 radroaches (Spider:1)
  2 tengu warriors
  7 centaur warriors
  A jorogumo (Spider:1)
  9 death yaks
  3 orc high priests (Orc:2)
  A sun demon (Orc:2)
  Amaemon (Lair:2)
  A soul eater (Orc:2)
  A deep elf knight (D:13)
  5 skeletal warriors
  A skyshark (Lair:3)
  A sun moth (Spider:1)
  A phantasmal warrior (D:14)
  7 orc knights
  4 deep elf pyromancers
  9 ugly things
  4 wolf spiders (Spider:1)
  8 orc sorcerers (Orc:2)
  3 cyclopes
  13 elephants
  5 manticores
  Maurice (D:8)
  4 black mambas
  12 cane toads
  An orange demon (Lair:2)
  A smoke demon (Orc:2)
  Joseph (D:7)
  5 torpor snails
  2 demonic crawlers (Spider:1)
  6 gargoyles
  2 unseen horrors
  7 rime drakes
  12 komodo dragons
  2 tengu conjurers
  2 yaktaurs (D:13)
  4 kobold demonologists
  A freezing wraith (D:14)
  4 trolls
  A queen bee (Lair:4)
  8 polar bears
  3 meliai (Lair:4)
  A wolf spider simulacrum (D:15)
  4 tarantellas (Spider:1)
  Prince Ribbit (D:7)
  A dream sheep (shapeshifter) (D:13)
  8 hornets
  10 blink frogs (Lair:5)
  8 dream sheep (Lair:5)
  5 jumping spiders (Spider:1)
  21 slime creatures
  3 culicivoras (Spider:1)
  12 spriggans (Lair:5)
  4 wraiths
  34 yaks
  A shadow (D:12)
  4 wyverns
  7 basilisks
  Grum (D:8)
  A steam dragon (D:7)
  2 fire elementals (Spider:1)
  4 vampire mosquitoes (D:12)
  9 redbacks (Spider:1)
  3 wargs (Orc:1)
  14 water moccasins
  2 acid dragons
  6 hell hounds (Spider:1)
  26 orc warriors
  A sky beast (D:7)
  A meliai simulacrum (D:14)
  5 black bears
  7 ice beasts
  11 centaurs
  8 ogres
  7 boggarts
  35 wolves
  4 kobold brigands
  11 bullfrogs
  8 scorpions
  2 gnoll sergeants
  10 wights
  44 killer bees
  5 electric eels
  4 howler monkeys
  4 hounds
  A gnoll bouda (D:7)
  23 orc priests
  2 jellies
  4 sleepcaps
  Jessica (D:2)
  Terence (D:2)
  2 iguanas
  17 orc wizards
  Natasha (thrice) (D:2)
  11 hell rats
  13 gnolls
  6 adders
  A river rat (Lair:4)
  2 shadow imps
  A white imp (D:7)
  An ufetubus (D:7)
  4 worms
  4 dart slugs
  69 orcs
  7 bats
  8 endoplasms
  6 giant cockroaches
  8 goblins
  5 hobgoblins
  7 jackals
  11 quokkas
  11 ball pythons
  7 frilled lizards
  11 kobolds
  3 rats
806 creatures vanquished.

Vanquished Creatures (others)
  A deep elf pyromancer (D:15)
  A sky beast (D:7)
2 creatures vanquished.

Grand Total: 808 creatures vanquished

Notes
Turn   | Place    | Note
-------+----------+-------------------------------------------
     0 | D:1      | qw the Gargoyle Fighter began the quest for the Orb.
     0 | D:1      | Reached XP level 1. HP: 14/14 MP: 1/1
     0 | D:1      | 0 ||| qw: Version: 0.2-a-102-gfc559e5
     0 | D:1      | 0 ||| qw: Game counter: 576
     0 | D:1      | 0 ||| qw: Always use a shield: true
     0 | D:1      | 0 ||| qw: God list: Okawaru
     0 | D:1      | 0 ||| qw: Allow faded altars: false
     0 | D:1      | 0 ||| qw: Do Orc after D:15 true
     0 | D:1      | 0 ||| qw: Do second Lair branch before Depths: true
     0 | D:1      | 0 ||| qw: Lair rune preference: random
     0 | D:1      | 0 ||| qw: Plans: Normal, Zot:1-4, Slime:5, God:TSO, Crypt,
                  | Tomb, Pan, Hells, Abyss, Win
     0 | D:1      | 0 ||| PLANNING D:1-11
    92 | D:1      | Reached skill level 2 in Axes
   193 | D:1      | Reached XP level 2. HP: 19/19 MP: 2/2
   265 | D:1      | 265 ||| Stepping ~*~*~tactically~*~*~ (stealth).
   266 | D:1      | 266 ||| Stepping ~*~*~tactically~*~*~ (stealth).
   353 | D:1      | 353 ||| Stepping ~*~*~tactically~*~*~ (stealth).
   462 | D:1      | Found a faded altar of an unknown god.
   473 | D:1      | Reached skill level 3 in Axes
   673 | D:1      | 673 ||| READING scroll labelled MYUGUNAERU.
   674 | D:1      | 674 ||| READING 3 scrolls labelled BIECORPHUNEB.
   675 | D:1      | 675 ||| READING scroll labelled OGIUDU RYT.
   676 | D:1      | 676 ||| READING scroll labelled JOSICZ TIBUI.
   677 | D:1      | 677 ||| DROPPING 2 scrolls of immolation.
   707 | D:2      | 707 ||| DROPPING +0 club.
   726 | D:2      | Reached XP level 3. HP: 20/23 MP: 3/3
   802 | D:2      | 802 ||| Stepping ~*~*~tactically~*~*~ (stealth).
   833 | D:2      | Noticed Terence
   845 | D:2      | Killed Terence
   933 | D:2      | Reached XP level 4. HP: 28/28 MP: 4/4
   937 | D:2      | Found an iron altar of Okawaru.
   938 | D:2      | 938 ||| PLANNING OKAWARU WORSHIP
   945 | D:2      | Became a worshipper of Warmaster Okawaru
   945 | D:2      | 945 ||| PLANNING D:1-11
  1025 | D:2      | Noticed Natasha
  1026 | D:2      | 1026 ||| Stepping ~*~*~tactically~*~*~ (hiding).
  1034 | D:2      | Killed Natasha
  1035 | D:2      | Reached skill level 4 in Axes
  1037 | D:2      | 1037 ||| Stepping ~*~*~tactically~*~*~ (stealth).
  1119 | D:2      | 1119 ||| Stepping ~*~*~tactically~*~*~ (stealth).
  1238 | D:2      | Noticed Jessica
  1241 | D:2      | Noticed Natasha
  1246 | D:2      | HP: 5/28 [Natasha/puff of flame (7)]
  1248 | D:2      | Killed Natasha
  1248 | D:2      | Killed Jessica
  1249 | D:2      | Reached XP level 5. HP: 6/32 MP: 5/5
  1249 | D:2      | 1249 ||| Stepping ~*~*~tactically~*~*~ (hiding).
  1254 | D:2      | 1254 ||| Stepping ~*~*~tactically~*~*~ (stealth).
  1257 | D:2      | 1257 ||| Stepping ~*~*~tactically~*~*~ (stealth).
  1262 | D:2      | 1262 ||| Stepping ~*~*~tactically~*~*~ (stealth).
  1268 | D:2      | 1268 ||| Stepping ~*~*~tactically~*~*~ (stealth).
  1270 | D:2      | 1270 ||| Stepping ~*~*~tactically~*~*~ (stealth).
  1272 | D:2      | 1272 ||| Stepping ~*~*~tactically~*~*~ (stealth).
  1274 | D:2      | 1274 ||| Stepping ~*~*~tactically~*~*~ (stealth).
  1307 | D:2      | 1307 ||| Stepping ~*~*~tactically~*~*~ (stealth).
  1316 | D:2      | 1316 ||| Stepping ~*~*~tactically~*~*~ (stealth).
  1320 | D:2      | 1320 ||| Stepping ~*~*~tactically~*~*~ (stealth).
  1542 | D:2      | Noticed Natasha
  1547 | D:2      | Killed Natasha
  1548 | D:2      | Reached skill level 5 in Axes
  1614 | D:2      | 1614 ||| UPGRADING to +6 ring of strength.
  1615 | D:2      | 1615 ||| READING scroll labelled AMMIAL UJOJEM.
  1616 | D:2      | 1616 ||| READING scroll labelled LECEYCL DEXZYI.
  1687 | D:3      | Reached skill level 1 in Dodging
  1752 | D:3      | 1752 ||| DROPPING +0 mace.
  1779 | D:3      | Reached XP level 6. HP: 37/37 MP: 6/6
  1790 | D:3      | Found a glowing silver altar of Zin.
  1882 | D:3      | Found a broken altar of Ashenzari.
  2111 | D:3      | 2111 ||| Stepping ~*~*~tactically~*~*~ (water).
  2177 | D:3      | Found a basalt altar of Yredelemnul.
  2431 | D:3      | 2431 ||| UPGRADING to ring of resist corrosion.
  2432 | D:3      | 2432 ||| READING scroll labelled BEL BUZXIUH.
  2433 | D:3      | 2433 ||| DRINKING 3 blue potions.
  2592 | D:4      | Reached * piety under Okawaru
  2625 | D:4      | Reached skill level 6 in Axes
  2635 | D:4      | Found a blossoming altar of Fedhas.
  2687 | D:4      | 2687 ||| Stepping ~*~*~tactically~*~*~ (hiding).
  2854 | D:4      | 2854 ||| Stepping ~*~*~tactically~*~*~ (stealth).
  2855 | D:4      | 2855 ||| Stepping ~*~*~tactically~*~*~ (stealth).
  2857 | D:4      | 2857 ||| Stepping ~*~*~tactically~*~*~ (stealth).
  2863 | D:4      | 2863 ||| Stepping ~*~*~tactically~*~*~ (stealth).
  3020 | D:4      | 3020 ||| Stepping ~*~*~tactically~*~*~ (stealth).
  3022 | D:4      | 3022 ||| INVOKING Heroism.
  3023 | D:4      | 3023 ||| INVOKING Heroism.
  3030 | D:4      | Reached XP level 7. HP: 33/43 MP: 4/7
  3164 | D:4      | Found a shadowy altar of Dithmenos.
  3219 | D:4      | 3219 ||| UPGRADING to amulet of reflection.
  3224 | D:4      | 3224 ||| READING 2 scrolls labelled RIELIVU KIRU.
  3325 | D:4      | 3325 ||| READING scroll labelled REC PERUFULAH.
  3326 | D:4      | 3326 ||| DRINKING 2 lumpy amethyst potions.
  3327 | D:4      | 3327 ||| DROPPING scroll of silence.
  3354 | D:5      | Entered Level 5 of the Dungeon
  3357 | D:5      | Found an ancient bone altar of Kikubaaqudgha.
  3411 | D:5      | Reached skill level 1 in Invocations
  3415 | D:5      | 3415 ||| INVOKING Heroism.
  3429 | D:5      | 3429 ||| INVOKING Heroism.
  3544 | D:5      | Reached skill level 7 in Axes
  3544 | D:5      | 3544 ||| Stepping ~*~*~tactically~*~*~ (hiding).
  3546 | D:5      | 3546 ||| Stepping ~*~*~tactically~*~*~ (hiding).
  3587 | D:5      | 3587 ||| INVOKING Heroism.
  3594 | D:5      | Reached XP level 8. HP: 48/48 MP: 6/10
  3599 | D:5      | Reached skill level 3 in Invocations
  3603 | D:5      | 3603 ||| INVOKING Heroism.
  3712 | D:5      | 3712 ||| FLEEEEING.
  3713 | D:5      | 3713 ||| FLEEEEING.
  3714 | D:5      | 3714 ||| FLEEEEING.
  3715 | D:5      | 3715 ||| FLEEEEING.
  3716 | D:5      | 3716 ||| Stepping ~*~*~tactically~*~*~ (hiding).
  3759 | D:5      | 3759 ||| Stepping ~*~*~tactically~*~*~ (stealth).
  3812 | D:5      | 3812 ||| INVOKING Heroism.
  3822 | D:5      | 3822 ||| Stepping ~*~*~tactically~*~*~ (hiding).
  3825 | D:5      | 3825 ||| Stepping ~*~*~tactically~*~*~ (hiding).
  3826 | D:5      | 3826 ||| Stepping ~*~*~tactically~*~*~ (hiding).
  3827 | D:5      | 3827 ||| Stepping ~*~*~tactically~*~*~ (hiding).
  3828 | D:5      | 3828 ||| Stepping ~*~*~tactically~*~*~ (hiding).
  3832 | D:5      | 3832 ||| DRINKING potion of curing.
  3832 | D:5      | 3832 ||| (to cure confusion)
  3946 | D:5      | 3946 ||| Stepping ~*~*~tactically~*~*~ (stealth).
  3947 | D:5      | 3947 ||| Stepping ~*~*~tactically~*~*~ (stealth).
  3950 | D:5      | 3950 ||| INVOKING Heroism.
  3972 | D:5      | Reached skill level 8 in Axes
  4055 | D:5      | 4055 ||| Stepping ~*~*~tactically~*~*~ (stealth).
  4058 | D:5      | 4058 ||| Stepping ~*~*~tactically~*~*~ (stealth).
  4059 | D:5      | 4059 ||| FLEEEEING.
  4060 | D:5      | 4060 ||| FLEEEEING.
  4061 | D:5      | 4061 ||| FLEEEEING.
  4062 | D:5      | 4062 ||| FLEEEEING.
  4063 | D:5      | 4063 ||| FLEEEEING.
  4064 | D:5      | 4064 ||| FLEEEEING.
  4065 | D:5      | 4065 ||| FLEEEEING.
  4066 | D:5      | 4066 ||| FLEEEEING.
  4067 | D:5      | 4067 ||| FLEEEEING.
  4068 | D:5      | 4068 ||| FLEEEEING.
  4069 | D:5      | 4069 ||| STAIRDANCE
  4087 | D:4      | 4087 ||| UPGRADING to +0 helmet.
  4131 | D:5      | 4131 ||| READING scroll of enchant weapon.
  4131 | D:5      | 4131 ||| ENCHANTING +1 war axe.
  4209 | D:5      | 4209 ||| INVOKING Heroism.
  4225 | D:5      | 4225 ||| Stepping ~*~*~tactically~*~*~ (stealth).
  4227 | D:5      | 4227 ||| INVOKING Heroism.
  4238 | D:5      | 4238 ||| Stepping ~*~*~tactically~*~*~ (stealth).
  4242 | D:5      | 4242 ||| Stepping ~*~*~tactically~*~*~ (stealth).
  4243 | D:5      | 4243 ||| Stepping ~*~*~tactically~*~*~ (stealth).
  4244 | D:5      | 4244 ||| Stepping ~*~*~tactically~*~*~ (stealth).
  4265 | D:5      | 4265 ||| FLEEEEING.
  4266 | D:5      | 4266 ||| FLEEEEING.
  4306 | D:5      | 4306 ||| DROPPING +1 whip of electrocution.
  4348 | D:5      | 4348 ||| INVOKING Heroism.
  4355 | D:5      | Reached skill level 6 in Fighting
  4603 | D:5      | 4603 ||| UPGRADING to +0 chain mail.
  4613 | D:5      | 4613 ||| DROPPING +0 scale mail.
  4614 | D:5      | 4614 ||| READING scroll labelled TOYSEC LAFETAJ.
  4615 | D:5      | 4615 ||| DRINKING 2 metallic white potions.
  4639 | D:6      | 4639 ||| PLANNING SEWER
  4796 | D:6      | Found an ornate altar of the Wu Jian Council.
  4797 | D:6      | Found a shimmering blue altar of Sif Muna.
  4797 | D:6      | Found a stormy altar of Qazlal.
  4799 | D:6      | Found a white marble altar of Elyvilon.
  4799 | D:6      | Found a burning altar of Makhleb.
  4916 | D:6      | Found a sparkling altar of Nemelex Xobeh.
  4918 | D:6      | Found a shimmering altar of Xom.
  4932 | D:6      | Found a sacrificial altar of Ru.
  4960 | D:6      | Found a staircase to the Ecumenical Temple.
  5017 | D:6      | 5017 ||| Stepping ~*~*~tactically~*~*~ (stealth).
  5024 | D:6      | Reached XP level 9. HP: 55/55 MP: 12/12
  5026 | D:6      | 5026 ||| Stepping ~*~*~tactically~*~*~ (stealth).
  5028 | D:6      | 5028 ||| Stepping ~*~*~tactically~*~*~ (hiding).
  5029 | D:6      | 5029 ||| INVOKING Heroism.
  5034 | D:6      | 5034 ||| Stepping ~*~*~tactically~*~*~ (stealth).
  5117 | D:6      | 5117 ||| READING scroll of enchant weapon.
  5117 | D:6      | 5117 ||| ENCHANTING +2 war axe.
  5287 | D:6      | 5287 ||| RIP SEWER
  5288 | D:6      | 5288 ||| PLANNING D:1-11
  5455 | D:6      | 5455 ||| Stepping ~*~*~tactically~*~*~ (stealth).
  5457 | D:6      | 5457 ||| Stepping ~*~*~tactically~*~*~ (hiding).
  5458 | D:6      | 5458 ||| Stepping ~*~*~tactically~*~*~ (hiding).
  5476 | D:6      | Reached skill level 9 in Axes
  5571 | D:6      | 5571 ||| UPGRADING to +0 pair of boots.
  5677 | D:7      | Noticed Joseph
  5678 | D:7      | 5678 ||| Stepping ~*~*~tactically~*~*~ (hiding).
  5686 | D:7      | 5686 ||| INVOKING Heroism.
  5690 | D:7      | Killed Joseph
  5690 | D:7      | Reached ** piety under Okawaru
  5691 | D:7      | 5691 ||| Stepping ~*~*~tactically~*~*~ (hiding).
  5761 | D:7      | 5761 ||| Stepping ~*~*~tactically~*~*~ (stealth).
  5968 | D:7      | 5968 ||| DROPPING +0 flail.
  5989 | D:7      | Noticed Prince Ribbit
  5990 | D:7      | 5990 ||| INVOKING Heroism.
  6001 | D:7      | Killed Prince Ribbit
  6048 | D:7      | 6048 ||| Stepping ~*~*~tactically~*~*~ (hiding).
  6052 | D:7      | 6052 ||| INVOKING Heroism.
  6189 | D:7      | 6189 ||| Stepping ~*~*~tactically~*~*~ (stealth).
  6193 | D:7      | 6193 ||| Stepping ~*~*~tactically~*~*~ (stealth).
  6254 | D:7      | Reached skill level 10 in Axes
  6296 | D:7      | 6296 ||| INVOKING Heroism.
  6304 | D:7      | Reached XP level 10. HP: 64/64 MP: 10/13
  6333 | D:7      | Noticed a brown ugly thing
  6334 | D:7      | 6334 ||| INVOKING Heroism.
  6334 | D:7      | Noticed a manticore
  6335 | D:7      | Noticed a white ugly thing
  6345 | D:7      | Killed a brown ugly thing
  6350 | D:7      | Killed a manticore
  6351 | D:7      | Reached *** piety under Okawaru
  6354 | D:7      | 6354 ||| INVOKING Heroism.
  6359 | D:7      | Killed a white ugly thing
  6363 | D:7      | HP: 14/65 [steam dragon/ball of steam (3)]
  6364 | D:7      | 6364 ||| DRINKING 2 potions of heal wounds.
  6756 | D:7      | 6756 ||| DROPPING +1 hat.
  6757 | D:7      | 6757 ||| DROPPING +6 ring of intelligence.
  6758 | D:7      | 6758 ||| DRINKING 2 ruby potions.
  6758 | D:7      | Gained mutation: You have sharp toenails. [potion of
                  | mutation]
  6758 | D:7      | Gained mutation: You are clumsy. (Dex -2) [potion of
                  | mutation]
  6758 | D:7      | Gained mutation: You are frail. (-10% HP) [potion of
                  | mutation]
  6758 | D:7      | Gained mutation: Your spells are a little harder to cast,
                  | but a little more powerful. [potion of mutation]
  6759 | D:7      | 6759 ||| DRINKING potion of mutation.
  6759 | D:7      | Lost mutation: You are frail. (-10% HP) [potion of
                  | mutation]
  6759 | D:7      | Lost mutation: You have sharp toenails. [potion of
                  | mutation]
  6759 | D:7      | Gained mutation: You are vulnerable to cold. (rC-) [potion
                  | of mutation]
  6837 | D:8      | Noticed Grum
  6838 | D:8      | 6838 ||| INVOKING Heroism.
  6847 | D:8      | Reached skill level 11 in Axes
  6849 | D:8      | Reached skill level 6 in Armour
  6852 | D:8      | Reached **** piety under Okawaru
  6853 | D:8      | Reached skill level 9 in Fighting
  6859 | D:8      | HP: 16/66 [Grum/-1 glaive of protection (9)]
  6860 | D:8      | 6860 ||| DRINKING potion of heal wounds.
  6867 | D:8      | Killed Grum
  7097 | D:8      | Found a hide-covered altar of Uskayaw.
  7104 | D:8      | Noticed Maurice
  7105 | D:8      | 7105 ||| Stepping ~*~*~tactically~*~*~ (hiding).
  7106 | D:8      | 7106 ||| Stepping ~*~*~tactically~*~*~ (hiding).
  7107 | D:8      | 7107 ||| Stepping ~*~*~tactically~*~*~ (hiding).
  7134 | D:8      | Killed Maurice
  7135 | D:8      | Reached XP level 11. HP: 24/71 MP: 14/14
  7387 | D:8      | 7387 ||| FLEEEEING.
  7388 | D:8      | 7388 ||| FLEEEEING.
  7389 | D:8      | 7389 ||| FLEEEEING.
  7400 | D:8      | 7400 ||| FLEEEEING.
  7401 | D:8      | 7401 ||| FLEEEEING.
  7402 | D:8      | 7402 ||| FLEEEEING.
  7403 | D:8      | 7403 ||| FLEEEEING.
  7404 | D:8      | 7404 ||| FLEEEEING.
  7410 | D:8      | 7410 ||| Stepping ~*~*~tactically~*~*~ (hiding).
  7744 | D:8      | 7744 ||| UPGRADING to +2 cloak.
  7749 | D:8      | 7749 ||| READING scroll labelled ESMOLA EROYPHE.
  7750 | D:8      | 7750 ||| READING scroll labelled VIG IK HABA.
  7751 | D:8      | 7751 ||| READING 4 scrolls of identify.
  7751 | D:8      | 7751 ||| IDENTIFYING glowing amethyst potion
  7752 | D:8      | 7752 ||| READING 3 scrolls of identify.
  7752 | D:8      | 7752 ||| IDENTIFYING golden potion
  7753 | D:8      | 7753 ||| READING 2 scrolls of identify.
  7753 | D:8      | 7753 ||| IDENTIFYING red potion
  7754 | D:8      | 7754 ||| DROPPING potion of degeneration.
  7792 | D:9      | 7792 ||| STAIRDANCE
  7797 | D:8      | 7797 ||| INVOKING Heroism.
  7897 | D:9      | Found a radiant altar of Vehumet.
  8012 | D:9      | Found a runed translucent door.
  8017 | D:9      | Noticed a two-headed ogre
  8018 | D:9      | 8018 ||| INVOKING Heroism.
  8030 | D:9      | Killed a two-headed ogre
  8031 | D:9      | Reached skill level 6 in Invocations
  8151 | D:9      | 8151 ||| Stepping ~*~*~tactically~*~*~ (stealth).
  8164 | D:9      | 8164 ||| Stepping ~*~*~tactically~*~*~ (hiding).
  8167 | D:9      | 8167 ||| Stepping ~*~*~tactically~*~*~ (hiding).
  8168 | D:9      | 8168 ||| Stepping ~*~*~tactically~*~*~ (hiding).
  8170 | D:9      | 8170 ||| Stepping ~*~*~tactically~*~*~ (hiding).
  8193 | D:9      | Noticed qw's ghost (novice GrCA)
  8265 | D:9      | 8265 ||| Stepping ~*~*~tactically~*~*~ (stealth).
  8267 | D:9      | 8267 ||| Stepping ~*~*~tactically~*~*~ (hiding).
  8270 | D:9      | 8270 ||| Stepping ~*~*~tactically~*~*~ (hiding).
  8271 | D:9      | 8271 ||| Stepping ~*~*~tactically~*~*~ (hiding).
  8276 | D:9      | 8276 ||| Stepping ~*~*~tactically~*~*~ (stealth).
  8537 | D:9      | 8537 ||| READING 3 scrolls of identify.
  8537 | D:9      | 8537 ||| IDENTIFYING fizzy orange potion
  8538 | D:9      | 8538 ||| DROPPING potion of flight.
  8562 | D:10     | Entered Level 10 of the Dungeon
  8568 | D:10     | 8568 ||| READING 2 scrolls of enchant weapon.
  8568 | D:10     | 8568 ||| ENCHANTING +3 war axe.
  8569 | D:10     | 8569 ||| READING scroll of enchant weapon.
  8569 | D:10     | 8569 ||| ENCHANTING +4 war axe.
  8600 | D:10     | 8600 ||| INVOKING Heroism.
  8675 | D:10     | 8675 ||| Stepping ~*~*~tactically~*~*~ (stealth).
  8759 | D:10     | 8759 ||| Stepping ~*~*~tactically~*~*~ (hiding).
  8760 | D:10     | 8760 ||| Stepping ~*~*~tactically~*~*~ (hiding).
  8936 | D:10     | 8936 ||| Stepping ~*~*~tactically~*~*~ (stealth).
  9050 | D:10     | Reached ***** piety under Okawaru
  9050 | D:10     | Received a gift from Okawaru
  9071 | D:10     | 9071 ||| INVOKING Heroism.
  9363 | D:10     | Noticed a manticore
  9364 | D:10     | 9364 ||| INVOKING Heroism.
  9372 | D:10     | Killed a manticore
  9373 | D:10     | Reached skill level 12 in Axes
  9454 | D:10     | 9454 ||| UPGRADING to +0 pair of gloves of stealth.
  9459 | D:10     | 9459 ||| READING scroll labelled AMPYEN KORREPT.
  9462 | D:10     | 9462 ||| READING 2 scrolls of identify.
  9462 | D:10     | 9462 ||| IDENTIFYING lumpy puce potion
  9463 | D:10     | 9463 ||| DROPPING potion of brilliance.
  9499 | D:11     | 9499 ||| Stepping ~*~*~tactically~*~*~ (hiding).
  9514 | D:11     | 9514 ||| INVOKING Heroism.
  9660 | D:11     | Noticed Snorg
  9661 | D:11     | 9661 ||| INVOKING Heroism.
  9679 | D:11     | Killed Snorg
  9680 | D:11     | Reached skill level 6 in Shields
  9722 | D:11     | 9722 ||| READING scroll of enchant armour.
  9722 | D:11     | 9722 ||| ENCHANTING +0 pair of gloves of stealth.
  9804 | D:11     | 9804 ||| Stepping ~*~*~tactically~*~*~ (stealth).
  9805 | D:11     | 9805 ||| Stepping ~*~*~tactically~*~*~ (stealth).
  9879 | D:11     | 9879 ||| INVOKING Heroism.
  9888 | D:11     | Reached skill level 1 in Throwing
  9899 | D:11     | 9899 ||| Stepping ~*~*~tactically~*~*~ (stealth).
  9903 | D:11     | 9903 ||| Stepping ~*~*~tactically~*~*~ (stealth).
  9948 | D:11     | 9948 ||| INVOKING Heroism.
  9956 | D:11     | Reached skill level 9 in Invocations
  9956 | D:11     | Reached XP level 12. HP: 38/76 MP: 15/18
 10077 | D:11     | 10077 ||| INVOKING Heroism.
 10102 | D:11     | 10102 ||| Stepping ~*~*~tactically~*~*~ (stealth).
 10115 | D:11     | Noticed a boulder beetle
 10127 | D:11     | Killed a boulder beetle
 10224 | D:11     | Found Nulynon's Self-Improvement Boutique.
 10267 | D:11     | Found a staircase to the Lair.
 10417 | D:11     | 10417 ||| INVOKING Heroism.
 10575 | D:11     | Identified the +1 falchion "Ruissiyf" {drain, +Blink rPois
                  | Str+2}
 10792 | D:11     | 10792 ||| Stepping ~*~*~tactically~*~*~ (hiding).
 10984 | D:11     | 10984 ||| PLANNING LAIR
 10984 | D:11     | 10984 ||| UPGRADING to +2 kite shield.
 10994 | D:11     | 10994 ||| DROPPING +0 buckler.
 10995 | D:11     | 10995 ||| UPGRADING to +0 plate armour.
 11005 | D:11     | 11005 ||| DROPPING +0 chain mail.
 11006 | D:11     | 11006 ||| DRINKING 2 fuming clear potions.
 11070 | Lair:1   | Entered Level 1 of the Lair of Beasts
 11235 | Lair:1   | 11235 ||| INVOKING Heroism.
 11475 | Lair:1   | 11475 ||| INVOKING Heroism.
 11727 | Lair:1   | 11727 ||| Stepping ~*~*~tactically~*~*~ (hiding).
 11729 | Lair:1   | 11729 ||| Stepping ~*~*~tactically~*~*~ (hiding).
 11789 | Lair:1   | 11789 ||| INVOKING Heroism.
 12090 | Lair:1   | 12090 ||| READING 2 scrolls labelled VUXKAY GISYD.
 12091 | Lair:1   | 12091 ||| READING 3 scrolls of identify.
 12091 | Lair:1   | 12091 ||| IDENTIFYING fizzy golden potion
 12092 | Lair:1   | 12092 ||| DROPPING scroll of poison.
 12093 | Lair:1   | 12093 ||| DROPPING potion of ambrosia.
 12153 | Lair:2   | 12153 ||| Stepping ~*~*~tactically~*~*~ (stealth).
 12160 | Lair:2   | 12160 ||| INVOKING Heroism.
 12295 | Lair:2   | 12295 ||| Stepping ~*~*~tactically~*~*~ (stealth).
 12297 | Lair:2   | 12297 ||| Stepping ~*~*~tactically~*~*~ (stealth).
 12312 | Lair:2   | Reached skill level 9 in Shields
 12330 | Lair:2   | 12330 ||| INVOKING Heroism.
 12440 | Lair:2   | 12440 ||| INVOKING Heroism.
 12477 | Lair:2   | Noticed Amaemon
 12478 | Lair:2   | 12478 ||| INVOKING Heroism.
 12496 | Lair:2   | Killed Amaemon
 12509 | Lair:2   | 12509 ||| DROPPING +3 morningstar of freezing.
 12605 | Lair:2   | 12605 ||| INVOKING Heroism.
 12624 | Lair:2   | 12624 ||| Stepping ~*~*~tactically~*~*~ (hiding).
 13083 | Lair:2   | 13083 ||| DROPPING +2 hat.
 13084 | Lair:2   | 13084 ||| UPGRADING to ring of protection from cold.
 13169 | Lair:3   | Reached skill level 9 in Armour
 13288 | Lair:3   | 13288 ||| INVOKING Heroism.
 13310 | Lair:3   | Reached XP level 13. HP: 80/80 MP: 20/20
 13339 | Lair:3   | Found a staircase to the Swamp.
 13454 | Lair:3   | 13454 ||| INVOKING Heroism.
 13517 | Lair:3   | 13517 ||| INVOKING Heroism.
 13546 | Lair:3   | 13546 ||| INVOKING Finesse.
 13675 | Lair:3   | Found a hole to the Spider Nest.
 14087 | Lair:4   | 14087 ||| Stepping ~*~*~tactically~*~*~ (stealth).
 14106 | Lair:4   | 14106 ||| INVOKING Heroism.
 14114 | Lair:4   | Reached skill level 13 in Axes
 14280 | Lair:4   | You fall into a shaft and drop 1 floor!
 14280 | Lair:5   | Entered Level 5 of the Lair of Beasts
 14281 | Lair:5   | 14281 ||| INVOKING Heroism.
 14302 | Lair:5   | Received a gift from Okawaru
 14304 | Lair:5   | 14304 ||| INVOKING Heroism.
 14338 | Lair:5   | 14338 ||| Stepping ~*~*~tactically~*~*~ (hiding).
 14462 | Lair:5   | 14462 ||| INVOKING Heroism.
 14467 | Lair:5   | 14467 ||| SWAPPING to +0 demon whip of venom.
 14472 | Lair:5   | 14472 ||| SWAPPING to +5 war axe.
 14561 | Lair:5   | 14561 ||| Stepping ~*~*~tactically~*~*~ (stealth).
 14565 | Lair:5   | 14565 ||| Stepping ~*~*~tactically~*~*~ (stealth).
 14590 | Lair:5   | 14590 ||| Stepping ~*~*~tactically~*~*~ (stealth).
 14639 | Lair:5   | 14639 ||| INVOKING Heroism.
 14656 | Lair:5   | 14656 ||| UPGRADING to +2 pair of gloves.
 14672 | Lair:5   | 14672 ||| DROPPING +1 pair of gloves of stealth.
 14718 | Lair:4   | 14718 ||| INVOKING Heroism.
 14758 | Lair:4   | 14758 ||| Stepping ~*~*~tactically~*~*~ (stealth).
 14764 | Lair:4   | 14764 ||| Stepping ~*~*~tactically~*~*~ (stealth).
 14767 | Lair:4   | 14767 ||| Stepping ~*~*~tactically~*~*~ (stealth).
 14768 | Lair:4   | 14768 ||| Stepping ~*~*~tactically~*~*~ (stealth).
 14890 | Lair:4   | 14890 ||| INVOKING Heroism.
 14941 | Lair:4   | 14941 ||| INVOKING Heroism.
 14953 | Lair:4   | Reached skill level 14 in Axes
 14971 | Lair:4   | Gained mutation: Your large and strong wings let you fly.
                  | [Gargoyle growth]
 14971 | Lair:4   | Reached XP level 14. HP: 49/88 MP: 21/21
 15039 | Lair:4   | 15039 ||| Stepping ~*~*~tactically~*~*~ (stealth).
 15135 | Lair:4   | 15135 ||| Stepping ~*~*~tactically~*~*~ (stealth).
 15136 | Lair:4   | 15136 ||| Stepping ~*~*~tactically~*~*~ (stealth).
 15216 | Lair:4   | 15216 ||| Stepping ~*~*~tactically~*~*~ (stealth).
 15221 | Lair:4   | 15221 ||| INVOKING Heroism.
 15544 | Lair:4   | Found a runed translucent door.
 15544 | Lair:4   | Found a viscous altar of Jiyva.
 15544 | Lair:4   | Noticed an acid blob
 15545 | Lair:4   | Found a staircase to the Slime Pits.
 15545 | Lair:4   | Noticed an acid blob
 15560 | Lair:4   | 15560 ||| Stepping ~*~*~tactically~*~*~ (stealth).
 15613 | Lair:4   | 15613 ||| INVOKING Heroism.
 15614 | Lair:4   | 15614 ||| INVOKING Finesse.
 15734 | Lair:4   | 15734 ||| Stepping ~*~*~tactically~*~*~ (stealth).
 15738 | Lair:4   | 15738 ||| Stepping ~*~*~tactically~*~*~ (stealth).
 15743 | Lair:4   | 15743 ||| Stepping ~*~*~tactically~*~*~ (stealth).
 15744 | Lair:4   | 15744 ||| Stepping ~*~*~tactically~*~*~ (stealth).
 15745 | Lair:4   | 15745 ||| Stepping ~*~*~tactically~*~*~ (stealth).
 16308 | Lair:5   | 16308 ||| Stepping ~*~*~tactically~*~*~ (stealth).
 16351 | Lair:5   | Reached skill level 12 in Shields
 16354 | Lair:5   | Identified the +1 executioner's axe of Foul Odours {drain,
                  | Int+3} (Okawaru gifted it to you on level 5 of the Lair of
                  | Beasts)
 16354 | Lair:5   | Received a gift from Okawaru
 16398 | Lair:5   | 16398 ||| Stepping ~*~*~tactically~*~*~ (stealth).
 16465 | Lair:5   | 16465 ||| INVOKING Heroism.
 16509 | Lair:5   | 16509 ||| INVOKING Finesse.
 16522 | Lair:5   | 16522 ||| SWAPPING to +0 demon whip of venom.
 16529 | Lair:5   | 16529 ||| SWAPPING to +5 war axe.
 16634 | Lair:5   | 16634 ||| INVOKING Heroism.
 16694 | Lair:5   | 16694 ||| INVOKING Heroism.
 16767 | Lair:5   | Reached skill level 3 in Throwing
 16800 | Lair:5   | 16800 ||| INVOKING Heroism.
 16801 | Lair:5   | 16801 ||| INVOKING Finesse.
 16830 | Lair:5   | 16830 ||| Stepping ~*~*~tactically~*~*~ (stealth).
 16894 | Lair:5   | 16894 ||| INVOKING Heroism.
 16923 | Lair:5   | 16923 ||| Stepping ~*~*~tactically~*~*~ (stealth).
 16924 | Lair:5   | 16924 ||| Stepping ~*~*~tactically~*~*~ (stealth).
 16927 | Lair:5   | 16927 ||| Stepping ~*~*~tactically~*~*~ (stealth).
 16935 | Lair:5   | 16935 ||| INVOKING Heroism.
 16966 | Lair:5   | 16966 ||| Stepping ~*~*~tactically~*~*~ (stealth).
 16967 | Lair:5   | 16967 ||| Stepping ~*~*~tactically~*~*~ (stealth).
 16968 | Lair:5   | 16968 ||| Stepping ~*~*~tactically~*~*~ (stealth).
 16969 | Lair:5   | 16969 ||| Stepping ~*~*~tactically~*~*~ (stealth).
 16991 | Lair:5   | 16991 ||| INVOKING Heroism.
 17009 | Lair:5   | 17009 ||| Stepping ~*~*~tactically~*~*~ (stealth).
 17031 | Lair:5   | 17031 ||| INVOKING Heroism.
 17040 | Lair:5   | HP: 20/90 [death yak (9)]
 17041 | Lair:5   | 17041 ||| DRINKING 2 potions of heal wounds.
 17048 | Lair:5   | HP: 19/90 [death yak (9)]
 17049 | Lair:5   | 17049 ||| DRINKING potion of heal wounds.
 17050 | Lair:5   | Received a gift from Okawaru
 17053 | Lair:5   | HP: 21/90 [elephant (4)]
 17055 | Lair:5   | 17055 ||| INVOKING Finesse.
 17067 | Lair:5   | HP: 11/90 [elephant (12)]
 17069 | Lair:5   | Reached skill level 15 in Axes
 17298 | Lair:5   | 17298 ||| INVOKING Heroism.
 17473 | Lair:5   | 17473 ||| Stepping ~*~*~tactically~*~*~ (stealth).
 17646 | Lair:5   | 17646 ||| Stepping ~*~*~tactically~*~*~ (stealth).
 17877 | Lair:5   | 17877 ||| Stepping ~*~*~tactically~*~*~ (stealth).
 17942 | Lair:5   | 17942 ||| PLANNING D
 17942 | Lair:5   | 17942 ||| UPGRADING to +8 plate armour of ponderousness.
 17952 | Lair:5   | 17952 ||| DROPPING +0 plate armour.
 18111 | D:12     | 18111 ||| INVOKING Heroism.
 18319 | D:12     | 18319 ||| INVOKING Heroism.
 18625 | D:12     | 18625 ||| Stepping ~*~*~tactically~*~*~ (hiding).
 18628 | D:12     | 18628 ||| Stepping ~*~*~tactically~*~*~ (hiding).
 18629 | D:12     | 18629 ||| Stepping ~*~*~tactically~*~*~ (hiding).
 18630 | D:12     | 18630 ||| Stepping ~*~*~tactically~*~*~ (hiding).
 18730 | D:12     | 18730 ||| INVOKING Heroism.
 18733 | D:12     | Reached XP level 15. HP: 36/96 MP: 19/22
 18921 | D:12     | 18921 ||| READING scroll of enchant weapon.
 18921 | D:12     | 18921 ||| ENCHANTING +5 war axe.
 18943 | D:12     | Reached skill level 12 in Fighting
 18958 | D:12     | 18958 ||| Stepping ~*~*~tactically~*~*~ (hiding).
 19086 | D:12     | Found a staircase to the Orcish Mines.
 19087 | D:12     | 19087 ||| Stepping ~*~*~tactically~*~*~ (hiding).
 19089 | D:12     | 19089 ||| Stepping ~*~*~tactically~*~*~ (hiding).
 19340 | D:12     | Found Goapnuwnid's Weapon Emporium.
 19366 | D:12     | Found a snail-covered altar of Cheibriados.
 19502 | D:12     | 19502 ||| READING 8 scrolls of identify.
 19502 | D:12     | 19502 ||| IDENTIFYING emerald potion
 19503 | D:12     | 19503 ||| READING 7 scrolls of identify.
 19503 | D:12     | 19503 ||| IDENTIFYING bubbling cyan potion
 19504 | D:12     | 19504 ||| DROPPING potion of berserk rage.
 19538 | D:13     | 19538 ||| Stepping ~*~*~tactically~*~*~ (hiding).
 19539 | D:13     | 19539 ||| INVOKING Heroism.
 19540 | D:13     | 19540 ||| SWAPPING to +0 demon whip of venom.
 19545 | D:13     | Received a gift from Okawaru
 19555 | D:13     | 19555 ||| SWAPPING to +6 war axe.
 19574 | D:13     | 19574 ||| Stepping ~*~*~tactically~*~*~ (stealth).
 19576 | D:13     | 19576 ||| Stepping ~*~*~tactically~*~*~ (stealth).
 19592 | D:13     | 19592 ||| Stepping ~*~*~tactically~*~*~ (stealth).
 19611 | D:13     | 19611 ||| INVOKING Heroism.
 19619 | D:13     | Received a gift from Okawaru
 19626 | D:13     | 19626 ||| SWAPPING to +0 demon whip of venom.
 19634 | D:13     | 19634 ||| SWAPPING to +6 war axe.
 19860 | D:13     | 19860 ||| Stepping ~*~*~tactically~*~*~ (hiding).
 19861 | D:13     | 19861 ||| Stepping ~*~*~tactically~*~*~ (hiding).
 19872 | D:13     | 19872 ||| FLEEEEING.
 19904 | D:13     | 19904 ||| INVOKING Heroism.
 19906 | D:13     | Reached skill level 16 in Axes
 20022 | D:13     | Identified the ring "Odeb" {rElec rCorr MP+9 Int-3}
 20200 | D:13     | 20200 ||| DROPPING +2 war axe of electrocution.
 20220 | D:13     | 20220 ||| Stepping randomly (disturbance).
 20270 | D:13     | 20270 ||| Stepping ~*~*~tactically~*~*~ (stealth).
 20278 | D:13     | 20278 ||| INVOKING Heroism.
 20502 | D:13     | 20502 ||| Stepping ~*~*~tactically~*~*~ (stealth).
 20511 | D:13     | 20511 ||| Stepping ~*~*~tactically~*~*~ (hiding).
 20512 | D:13     | 20512 ||| Stepping ~*~*~tactically~*~*~ (hiding).
 20524 | D:13     | 20524 ||| INVOKING Heroism.
 20716 | D:13     | 20716 ||| INVOKING Heroism.
 21178 | D:13     | 21178 ||| INVOKING Heroism.
 21183 | D:13     | 21183 ||| Stepping ~*~*~tactically~*~*~ (stealth).
 21186 | D:13     | Paralysed by something for 5 turns
 21198 | D:13     | Reached skill level 12 in Armour
 21214 | D:13     | Identified the +3 scale mail "Cothrub" {rPois rF+ rCorr
                  | Int-4}
 21230 | D:13     | Found a gate to the Vaults.
 21318 | D:13     | 21318 ||| DROPPING ring of wizardry.
 21319 | D:13     | 21319 ||| READING scroll labelled TAMIPTEPHUIRR.
 21399 | D:14     | 21399 ||| INVOKING Heroism.
 21635 | D:14     | 21635 ||| Stepping ~*~*~tactically~*~*~ (hiding).
 21645 | D:14     | 21645 ||| INVOKING Heroism.
 21647 | D:14     | Received a gift from Okawaru
 21683 | D:14     | 21683 ||| SWAPPING to +2 heavy broad axe.
 21684 | D:14     | 21684 ||| DROPPING +6 war axe of venom.
 21807 | D:14     | 21807 ||| Stepping ~*~*~tactically~*~*~ (hiding).
 21969 | D:14     | 21969 ||| Stepping ~*~*~tactically~*~*~ (stealth).
 22083 | D:14     | 22083 ||| INVOKING Heroism.
 22084 | D:14     | 22084 ||| SWAPPING to +0 demon whip of venom.
 22091 | D:14     | 22091 ||| SWAPPING to +2 heavy broad axe.
 22127 | D:14     | 22127 ||| Stepping ~*~*~tactically~*~*~ (hiding).
 22128 | D:14     | 22128 ||| Stepping ~*~*~tactically~*~*~ (hiding).
 22129 | D:14     | 22129 ||| Stepping ~*~*~tactically~*~*~ (hiding).
 22383 | D:15     | Entered Level 15 of the Dungeon
 22427 | D:15     | 22427 ||| Stepping ~*~*~tactically~*~*~ (hiding).
 22431 | D:15     | 22431 ||| Stepping ~*~*~tactically~*~*~ (hiding).
 22435 | D:15     | 22435 ||| INVOKING Heroism.
 22440 | D:15     | Received a gift from Okawaru
 22518 | D:15     | 22518 ||| Stepping ~*~*~tactically~*~*~ (hiding).
 22674 | D:15     | 22674 ||| Stepping ~*~*~tactically~*~*~ (hiding).
 22814 | D:15     | 22814 ||| Stepping ~*~*~tactically~*~*~ (hiding).
 22818 | D:15     | 22818 ||| INVOKING Heroism.
 22830 | D:15     | Reached XP level 16. HP: 76/101 MP: 23/23
 22902 | D:15     | Found a staircase to the Depths.
 22977 | D:15     | 22977 ||| Stepping ~*~*~tactically~*~*~ (hiding).
 23088 | D:15     | 23088 ||| Stepping ~*~*~tactically~*~*~ (hiding).
 23097 | D:15     | 23097 ||| INVOKING Heroism.
 23099 | D:15     | 23099 ||| Stepping ~*~*~tactically~*~*~ (hiding).
 23114 | D:15     | 23114 ||| INVOKING Heroism.
 23121 | D:15     | Reached skill level 17 in Axes
 23672 | D:15     | 23672 ||| PLANNING ORC
 23788 | Orc:1    | Entered Level 1 of the Orcish Mines
 23903 | Orc:1    | 23903 ||| Stepping ~*~*~tactically~*~*~ (stealth).
 23910 | Orc:1    | 23910 ||| Stepping ~*~*~tactically~*~*~ (hiding).
 23998 | Orc:1    | 23998 ||| INVOKING Heroism.
 24199 | Orc:2    | Entered Level 2 of the Orcish Mines
 24206 | Orc:2    | 24206 ||| Stepping ~*~*~tactically~*~*~ (hiding).
 24207 | Orc:2    | 24207 ||| Stepping ~*~*~tactically~*~*~ (hiding).
 24208 | Orc:2    | 24208 ||| Stepping ~*~*~tactically~*~*~ (hiding).
 24209 | Orc:2    | 24209 ||| Stepping ~*~*~tactically~*~*~ (hiding).
 24476 | Orc:2    | 24476 ||| Stepping ~*~*~tactically~*~*~ (hiding).
 24477 | Orc:2    | 24477 ||| Stepping ~*~*~tactically~*~*~ (hiding).
 24479 | Orc:2    | 24479 ||| Stepping ~*~*~tactically~*~*~ (hiding).
 24480 | Orc:2    | 24480 ||| Stepping ~*~*~tactically~*~*~ (hiding).
 24481 | Orc:2    | 24481 ||| Stepping ~*~*~tactically~*~*~ (hiding).
 24482 | Orc:2    | 24482 ||| Stepping ~*~*~tactically~*~*~ (hiding).
 24483 | Orc:2    | 24483 ||| Stepping ~*~*~tactically~*~*~ (hiding).
 24656 | Orc:2    | Found Satih's Distillery.
 24658 | Orc:2    | 24658 ||| INVOKING Heroism.
 24689 | Orc:2    | Found Nemiuney's Magic Scroll Shoppe.
 24698 | Orc:2    | 24698 ||| INVOKING Heroism.
 24843 | Orc:2    | 24843 ||| Stepping ~*~*~tactically~*~*~ (stealth).
 24844 | Orc:2    | 24844 ||| Stepping ~*~*~tactically~*~*~ (stealth).
 24845 | Orc:2    | 24845 ||| Stepping ~*~*~tactically~*~*~ (stealth).
 24868 | Orc:2    | 24868 ||| BUYING potion of curing (42 gold).
 24868 | Orc:2    | Bought a potion of curing for 42 gold pieces
 24868 | Orc:2    | 24868 ||| BUYING potion of heal wounds (70 gold).
 24868 | Orc:2    | Bought a potion of heal wounds for 70 gold pieces
 24868 | Orc:2    | 24868 ||| BUYING potion of heal wounds (70 gold).
 24868 | Orc:2    | Bought a potion of heal wounds for 70 gold pieces
 24868 | Orc:2    | 24868 ||| BUYING potion of magic (112 gold).
 24868 | Orc:2    | Bought a potion of magic for 112 gold pieces
 24868 | Orc:2    | 24868 ||| BUYING potion of mutation (112 gold).
 24868 | Orc:2    | Bought a potion of mutation for 112 gold pieces
 24870 | Orc:2    | 24870 ||| BUYING scroll of identify (20 gold).
 24870 | Orc:2    | Bought a scroll of identify for 20 gold pieces
 24870 | Orc:2    | 24870 ||| BUYING scroll of identify (20 gold).
 24870 | Orc:2    | Bought a scroll of identify for 20 gold pieces
 24870 | Orc:2    | 24870 ||| BUYING scroll of teleportation (30 gold).
 24870 | Orc:2    | Bought a scroll of teleportation for 30 gold pieces
 24898 | Orc:2    | 24898 ||| INVOKING Heroism.
 24900 | Orc:2    | 24900 ||| Stepping ~*~*~tactically~*~*~ (hiding).
 24913 | Orc:2    | 24913 ||| Stepping ~*~*~tactically~*~*~ (hiding).
 24931 | Orc:2    | 24931 ||| INVOKING Heroism.
 24969 | Orc:2    | Paralysed by an orc sorcerer for 4 turns
 24982 | Orc:2    | 24982 ||| INVOKING Heroism.
 24997 | Orc:2    | Paralysed by an orc sorcerer for 4 turns
 25005 | Orc:2    | 25005 ||| Stepping ~*~*~tactically~*~*~ (hiding).
 25012 | Orc:2    | Reached skill level 6 in Throwing
 25100 | Orc:2    | Found Gyghapon's Antique Weapon Shop.
 25100 | Orc:2    | Found Limynifo's Book Boutique.
 25101 | Orc:2    | Found a one-way gate leading to the halls of Pandemonium.
 25148 | Orc:2    | 25148 ||| Stepping ~*~*~tactically~*~*~ (stealth).
 25178 | Orc:2    | 25178 ||| FLEEEEING.
 25179 | Orc:2    | 25179 ||| FLEEEEING.
 25180 | Orc:2    | 25180 ||| FLEEEEING.
 25181 | Orc:2    | 25181 ||| FLEEEEING.
 25250 | Orc:2    | 25250 ||| Stepping ~*~*~tactically~*~*~ (stealth).
 25253 | Orc:2    | 25253 ||| Stepping ~*~*~tactically~*~*~ (hiding).
 25421 | Orc:2    | Found a staircase to the Elven Halls.
 25461 | Orc:2    | Noticed Jorgrun
 25462 | Orc:2    | 25462 ||| INVOKING Heroism.
 25471 | Orc:2    | Killed Jorgrun
 25801 | Orc:2    | 25801 ||| PLANNING SPIDER:1-3
 26014 | Spider:1 | Entered Level 1 of the Spider Nest
 26039 | Spider:1 | Received a gift from Okawaru
 26089 | Spider:1 | 26089 ||| INVOKING Heroism.
 26148 | Spider:1 | 26148 ||| Stepping ~*~*~tactically~*~*~ (stealth).
 26242 | Spider:1 | 26242 ||| INVOKING Heroism.
 26290 | Spider:1 | Noticed Azrael
 26291 | Spider:1 | 26291 ||| INVOKING Heroism.
 26303 | Spider:1 | Killed Azrael
 26311 | Spider:1 | Identified the +3 scale mail "Uhaphas" {rElec Stlth+}
                  | (Okawaru gifted it to you on level 1 of the Spider Nest)
 26311 | Spider:1 | Received a gift from Okawaru
 26434 | Spider:1 | 26434 ||| FLEEEEING.
 26435 | Spider:1 | 26435 ||| FLEEEEING.
 26436 | Spider:1 | 26436 ||| FLEEEEING.
 26437 | Spider:1 | 26437 ||| FLEEEEING.
 26438 | Spider:1 | 26438 ||| FLEEEEING.
 26440 | Spider:1 | 26440 ||| FLEEEEING.
 26441 | Spider:1 | 26441 ||| FLEEEEING.
 26631 | Spider:1 | 26631 ||| Stepping ~*~*~tactically~*~*~ (stealth).
 26643 | Spider:1 | 26643 ||| INVOKING Heroism.
 26974 | Spider:1 | 26974 ||| INVOKING Heroism.
 26977 | Spider:1 | 26977 ||| Stepping ~*~*~tactically~*~*~ (stealth).
 26985 | Spider:1 | 26985 ||| Stepping ~*~*~tactically~*~*~ (hiding).
 26992 | Spider:1 | Reached skill level 18 in Axes
 26993 | Spider:1 | HP: 3/104 [radroach (64)]
 26994 | Spider:1 | 26994 ||| READING 4 scrolls of teleportation.
 26994 | Spider:1 | Slain by a radroach

Levels and vault maps discovered:
D:1:      scummos_arrival_gate, layout_basic, chequers_ecumenical_altar_simple,
          corexii_item_surrounded_by_moat, minmay_tetromino_t4
D:2:      layout_loops_ring, basic_altar, uniq_jessica, uniq_terence,
          uniq_natasha
D:3:      layout_rooms, evilmike_ruin_ashenzari, zin_academy,
          mainiacjoe_overflow_paths, amcnicky_mini_corridor_feature,
          chequers_serial_rivers_micro_a, chequers_big_river,
          minmay_misc_feat_tiny
D:4:      layout_rooms, fedhas_altar_fruit_tree, lemuel_round_altar,
          kennysheep_generic_room_8
D:5:      layout_basic, lemuel_crystal_altar, roderic_filled_cross, hex_large,
          minivault_24, grunt_tough_drop
D:6:      layout_gridville, grunt_temple_overflow_open,
          minmay_temple_entry_arrows, portal_sewer_entry_f
D:7:      nzn_winding_woodlands_three_and_one
          [nzn_winding_woodlands_5x15_default,
          nzn_winding_woodlands_5x15_longhouse,
          nzn_winding_woodlands_5x15_split_checker,
          nzn_winding_woodlands_center_pierced_h], layout_loops_ring,
          uniq_joseph, uniq_prince_ribbit1
D:8:      layout_gridville, lemuel_crystal_altar, uniq_maurice, uniq_grum
D:9:      layout_rooms, mainiacjoe_overflow_alcove_2,
          ebering_ghost_reflecting_pool
D:10:     layout_roguey
D:11:     layout_stronghold, hellmonk_lair_entry_icy, nicolae_shop_self_help,
          uniq_snorg
D:12:     layout_irregular_city, minmay_orc_entry_temple_small, serial_shops,
          nicolae_shop_window_shopping, chei_slow_surprise
D:13:     minmay_isolated_rectangles_in_corner, layout_basic,
          grunt_vaults_entry_fortified
D:14:     layout_roguey, hex_intersection
D:15:     grunt_enter_depths_hoard, layout_basic, nrook_pool_corridor,
          kennysheep_inner_square
Lair:1:   layout_cave_pods, grunt_megastairs_2
Lair:2:   layout_roguey, grunt_megastairs_5, uniq_amaemon
Lair:3:   layout_hall_layers, minmay_swamp_entry_eels,
          nicolae_spider_entry_non_spiders, grunt_megastairs_1,
          serial_bayou_shore_a, lemuel_fruit_tree
Lair:4:   regret_index_wax_grids, layout_layer_cave, slime_entry_2
Lair:5:   minmay_lair_end_enchanted_forest, layout_cave_pods,
          infiniplex_staircase_pool
Spider:1: layout_chambers, nicolae_spider_solar_radiation,
          hangedman_spider_tarantella_strand, uniq_azrael
Orc:1:    layout_caves, abandoned_shop
Orc:2:    pf_orc_diabolical, layout_diamond_mine, uniq_jorgrun

Skill      XL: |  1  2  3  4  5  6  7  8  9 10 11 12 13 14 15 16 |
---------------+-------------------------------------------------+-----
Axes           | 2 3 4 5 6 7 8 10 11 12 14 15 16 18 | 18.0
Dodging        | 1 2 |  2.1
Fighting       | 4 6 7 9 10 11 12 13 | 13.0
Invocations    | 2 4 9 10 | 10.0
Armour         | 5 6 7 9 10 11 12 13 | 13.0
Shields        | 4 5 6 10 11 12 13 | 13.0
Throwing       | 1 2 5 6 |  6.0

Action                     |  1- 3 |  4- 6 |  7- 9 | 10-12 | 13-15 | 16-18 || total
---------------------------+-------+-------+-------+-------+-------+-------++-------
  Melee: War axe           |    92 |   169 |   313 |   549 |  1062 |       ||  2185
         Demon whip        |       |       |       |       |    37 |       ||    37
         Broad axe         |       |       |       |       |    61 |   324 ||   385
  Throw: Boomerang         |       |       |       |    73 |    61 |       ||   134
         Javelin           |       |       |       |       |    86 |    74 ||   160
 Invoke: Heroism           |       |     1 |    14 |    23 |    36 |    14 ||    88
         Finesse           |       |       |       |       |     5 |       ||     5
    Use: Scroll            |     4 |     3 |     5 |    13 |     4 |     1 ||    30
         Potion            |       |     1 |     3 |     5 |     2 |       ||    11
   Stab: Petrified         |       |       |       |       |     2 |       ||     2
         Petrifying        |       |       |       |       |     1 |       ||     1
 Armour: Scale mail        |    28 |    82 |    44 |       |       |       ||   154
         Chain mail        |       |       |    62 |   190 |       |       ||   252
         Plate armour      |       |       |       |    77 |   506 |   213 ||   796
  Dodge: Dodged            |    28 |    59 |    90 |   153 |   243 |    85 ||   658
  Block: Buckler           |    22 |    27 |   134 |   191 |       |       ||   374
         Reflection        |       |       |     4 |    15 |    21 |     2 ||    42
         Kite shield       |       |       |       |   174 |   926 |   286 ||  1386

Table legend:
 A = Non-vault XP
 B = Vault XP
 C = Vault XP percentage of total XP
 D = Non-vault monster count
 E = Vault monster count
 F = Vault count percentage of total count
                 A         B        C        D         E       F
            +---------+---------+-------+---------+---------+-------
      Total |   97001 |   75548 |  43.8 |     515 |     293 |  36.3
            +---------+---------+-------+---------+---------+-------
        D:1 |      26 |       5 |  16.1 |      15 |       3 |  16.7
        D:2 |     134 |     108 |  44.6 |      28 |       3 |   9.7
        D:3 |     213 |       0 |   0.0 |      25 |       0 |   0.0
        D:4 |     221 |       1 |   0.5 |      19 |       1 |   5.0
        D:5 |    1023 |     428 |  29.5 |      29 |       6 |  17.1
        D:6 |     492 |      10 |   2.0 |      16 |       5 |  23.8
        D:7 |     942 |    3827 |  80.2 |      22 |      21 |  48.8
        D:8 |    1696 |    1011 |  37.3 |      19 |       5 |  20.8
        D:9 |    2650 |       0 |   0.0 |      18 |       0 |   0.0
       D:10 |    2849 |       0 |   0.0 |      18 |       0 |   0.0
       D:11 |    2206 |    2979 |  57.5 |      15 |      12 |  44.4
       D:12 |    8144 |     413 |   4.8 |      27 |      13 |  32.5
       D:13 |    5891 |   16894 |  74.1 |      17 |      29 |  63.0
       D:14 |    9486 |       0 |   0.0 |      20 |       0 |   0.0
       D:15 |    7301 |    4289 |  37.0 |      12 |       5 |  29.4
     Lair:1 |    4017 |     528 |  11.6 |      16 |       2 |  11.1
     Lair:2 |    3205 |    1871 |  36.9 |      13 |      10 |  43.5
     Lair:3 |    6560 |    1661 |  20.2 |      22 |      11 |  33.3
     Lair:4 |    4779 |    9887 |  67.4 |      20 |      51 |  71.8
     Lair:5 |   19503 |    8690 |  30.8 |      60 |      45 |  42.9
   Spider:1 |   11359 |    4946 |  30.3 |      32 |      13 |  28.9
      Orc:1 |    2390 |       0 |   0.0 |      25 |       0 |   0.0
      Orc:2 |    1914 |   18000 |  90.4 |      27 |      58 |  68.2
            +---------+---------+-------+---------+---------+-------
